 Dungeon Crawl Stone Soup version 0.16.2-12-gd0ad4c3 (webtiles) character file.

8954 SlimeFever the Arsonist (level 11, -3/78 HPs)
             Began as a Demonspawn Fire Elementalist on Oct 15, 2015.
             Was an Elder of Vehumet.
             Slain by a cyan ugly thing (8 damage)
             ... on level 11 of the Dungeon.
             The game lasted 02:15:31 (9936 turns).

SlimeFever the Arsonist (DsFE)                      Turns: 9936, Time: 02:15:32

Health: -3/78      AC:  1    Str:  8    XL:     11   Next: 16%
Magic:  0/25       EV: 20    Int: 22    God:    Vehumet [****..]
Gold:   651        SH:  6    Dex: 19    Spells: 7 memorised, 5 levels left

rFire  . . .     SeeInvis .     a - +2 long sword (elec)
rCold  . . .     Clarity  +     H - +0 robe
rNeg   . . .     SustAb   .     w - +1 buckler
rPois  .         Gourm    .     (no helmet)
rElec  .         Spirit   +     (no cloak)
rCorr  .         Warding  .     (no gloves)
rMut   .         Stasis   .     (boots unavailable)
MR     .....                    r - amulet of guardian spirit
Stlth  +++.......               u - +5 ring of dexterity
                                R - ring of wizardry

@: not resistant to hostile enchantments, fairly stealthy
A: claws 1, talons 3, repulsion field 2, clarity, clever 1, deformed body,
demonic guardian 1
a: Renounce Religion


You were on level 11 of the Dungeon.
You worshipped Vehumet.
Vehumet was greatly pleased with you.
You were not hungry.

You visited 2 branches of the dungeon, and saw 12 of its levels.
You also visited: Ossuary.

You collected 695 gold pieces.
You spent 44 gold pieces at shops.

Inventory:

Hand weapons
 a - a +2 long sword of electrocution (weapon)
 b - a +0 blowgun
 T - a +0 long sword
Missiles
 o - 83 poisoned needles
 q - 3 tomahawks (quivered)
 s - 8 needles of slowing
Armour
 w - a +1 buckler (worn)
 x - a cursed +0 large shield
 H - a +0 robe (worn)
Jewellery
 c - an uncursed ring of stealth
 l - an uncursed ring of protection from magic
 r - an amulet of guardian spirit (around neck)
 u - a +5 ring of dexterity (right claw)
 y - an uncursed ring of positive energy
 R - a ring of wizardry (left claw)
 S - an uncursed ring of protection from magic
Magical devices
 h - a wand of frost (26)
 p - a wand of confusion (48)
 E - a wand of enslavement (6)
 O - a wand of draining (5)
Scrolls
 t - 3 scrolls of remove curse
 A - a scroll of identify
 B - a scroll of immolation
 C - a scroll of teleportation
 I - 2 scrolls of magic mapping
 J - a scroll of enchant weapon
 Q - a scroll of amnesia
Potions
 d - a potion of heal wounds
 e - 3 potions of haste
 f - 2 potions of lignification
 g - 2 potions of might
 j - 2 potions of agility
 k - 5 potions of curing
 m - 2 potions of berserk rage
 n - 2 potions of restore abilities
 D - 2 potions of brilliance
 F - a potion of ambrosia
 K - 2 potions of invisibility
Books
 v - a book of Minor Magic

   Spells                             Type                      Level
   a - Magic Dart                     Conjuration                  1
   b - Blink                          Translocation                2
   c - Call Imp                       Summoning                    2
   d - Repel Missiles                 Charms/Air                   2
   e - Slow                           Hexes                        2
   f - Conjure Flame                  Conjuration/Fire             3
   g - Mephitic Cloud                 Conjuration/Poison/Air       3
 z - a book of Flames

   Spells                             Type                      Level
   a - Flame Tongue                   Conjuration/Fire             1
   b - Throw Flame                    Conjuration/Fire             2
   c - Conjure Flame                  Conjuration/Fire             3
   d - Inner Flame                    Hexes/Fire                   3
   e - Sticky Flame                   Conjuration/Fire             4
   f - Fireball                       Conjuration/Fire             5
Miscellaneous
 P - a phantom mirror
Comestibles
 L - a bread ration
 M - a beef jerky


   Skills:
 + Level 4.5 Fighting
 + Level 4.8 Long Blades
 + Level 0.8 Throwing
 + Level 2.4 Armour
 + Level 6.5 Dodging
 + Level 4.0 Stealth
 + Level 2.0 Shields
 + Level 6.5 Spellcasting
 + Level 6.6 Conjurations
 * Level 9.0 Fire Magic


You had 5 spell levels left.
You knew the following spells:

 Your Spells              Type           Power        Failure   Level  Hunger
a - Flame Tongue          Conj/Fire      #####        1%          1    None
b - Throw Flame           Conj/Fire      #####.       1%          2    None
c - Conjure Flame         Conj/Fire      #####...     1%          3    #......
d - Sticky Flame          Conj/Fire      #####...     1%          4    ###....
e - Blink                 Tloc           N/A          7%          2    None
f - Fireball              Conj/Fire      #####.....   1%          5    #####..
g - Magic Dart            Conj           ####         1%          1    None


Dungeon Overview and Level Annotations

Branches:
Dungeon (11/15)            Temple (1/1) D:4            Lair (0/8) D:9
    Orc (0/4) D:11

Altars:
Ashenzari
Cheibriados
Dithmenos
Elyvilon
Fedhas
Gozag
Kikubaaqudgha
Makhleb
Nemelex Xobeh
Okawaru
Qazlal
Ru
Sif Muna
Trog
Vehumet
Xom
Yredelemnul
Zin
The Shining One

Shops:
D:8 ?   D:11 [


Innate Abilities, Weirdness & Mutations

You have claws for feet.
You are surrounded by a moderate repulsion field (EV +3).
A weak demonic guardian rushes to your aid.
You have sharp fingernails.
You possess an exceptional clarity of mind.
Your mind is acute. (Int +2)
Armour fits poorly on your strangely shaped body.


Message History

Press: ? - help, Shift-Dir - straight line, f/p - cyan ugly thing
Aim: a cyan ugly thing (severely wounded)
The flame tongue hits the cyan ugly thing.
The cyan ugly thing is almost dead.
You hit the cyan ugly thing but do no damage.
The cyan ugly thing is almost dead.
The cyan ugly thing completely misses you.
The cyan ugly thing headbutts you! The cyan ugly thing shocks you!
* * * LOW HITPOINT WARNING * * *
You hit the cyan ugly thing.
The cyan ugly thing is almost dead.
The cyan ugly thing headbutts you.
* * * LOW HITPOINT WARNING * * *
The cyan ugly thing shocks you!
* * * LOW HITPOINT WARNING * * *
Casting: Flame Tongue
Confirm with . or Enter, or press ? or * to list all spells.
You don't have enough magic to cast that spell.
The cyan ugly thing headbutts you!
You die...

# . . . #. . #. # ####### #.
# #.. ..###.# #
.######.###..##(# ###
#.$........u@....####### #..
#...(..........###......#
##.# #..............#
#.####.# #...
#......∩.>.....#
#.####.###.<# #..$.........#
#)##......... #......).....#
#.##.#.###...
#...........)###.##.#.#.....
############....).....#.#.##
########.### #.#


You could see a cyan ugly thing.

Vanquished Creatures
  3 hill giants
  The ghost of Turgon the Spear-Bearer, an experienced OgFi of Ashenzari (D:6)
  A komodo dragon (D:9)
  A troll (D:6)
  2 two-headed ogres (D:10)
  10 yaks
  A deep elf mage (D:9)
  A hungry ghost (D:9)
  Eustachio (D:5)
  2 hippogriffs
  2 orc warriors
  2 sky beasts
  2 phantoms
  A necrophage (D:6)
  7 ogres
  An ice beast (D:5)
  5 centaurs
  3 big kobolds
  2 giant frogs
  A water moccasin zombie (Ossuary)
  2 scorpions
  3 killer bees (D:8)
  A goliath beetle (D:7)
  3 crimson imps
  2 giant frog zombies
  3 giant frog skeletons
  3 centaur skeletons
  A jelly (D:9)
  8 orc priests
  A quasit (D:10)
  4 hounds
  7 orc wizards
  5 iguanas
  A gnoll shaman (D:7)
  9 worker ants
  Ijyb (D:3)
  4 big kobold zombies (Ossuary)
  3 mummies
  A hound zombie (D:5)
  A worker ant zombie (D:10)
  Robin (D:3)
  3 gnolls (D:7)
  8 adders
  2 shadow imps
  4 giant mites
  A white imp (D:10)
  3 worms
  5 adder zombies (Ossuary)
  An adder skeleton (D:6)
  32 orcs
  2 ball pythons (D:1)
  10 bats
  7 giant cockroaches
  22 goblins
  18 hobgoblins
  13 jackals
  20 kobolds
  A quokka (D:2)
  3 giant geckos
  2 giant gecko skeletons
  A giant gecko zombie (D:8)
  7 giant newts
  A gnoll zombie (Ossuary)
  3 hobgoblin zombies (Ossuary)
  4 kobold zombies (Ossuary)
  10 orc zombies (Ossuary)
  10 rats
306 creatures vanquished.

Vanquished Creatures (collateral kills)
  The ghost of Typee the Slasher, an average HEWr (Ossuary)
  A wyvern (D:6)
  A yak (D:10)
  A centaur (D:6)
  2 ogres
  3 killer bees (D:8)
  A centaur zombie (D:5)
  Jessica (D:2)
  An adder zombie (Ossuary)
  6 orcs
  A goblin (D:4)
  2 hobgoblins
  A giant gecko skeleton (D:6)
  A hobgoblin zombie (Ossuary)
  A rat (D:6)
24 creatures vanquished.

Vanquished Creatures (others)
  5 crimson imps
  11 quasits
  12 iron imps
  An iguana (D:7)
  6 white imps
  11 ufetubi
  A giant gecko zombie (D:5)
  A giant spore (D:5)
  An orc zombie (Ossuary)
  A quokka (D:7)
  A rat (D:7)
  8 plants
59 creatures vanquished.

Grand Total: 389 creatures vanquished

Notes
Turn   | Place    | Note
--------------------------------------------------------------
     0 | D:1      | SlimeFever, the Demonspawn Fire Elementalist, began the quest for the Orb.
     0 | D:1      | Reached XP level 1. HP: 13/13 MP: 3/3
   196 | D:1      | Reached skill level 3 in Fire Magic
   219 | D:1      | Gained mutation: A weak demonic guardian rushes to your aid. [demonic ancestry]
   219 | D:1      | Reached XP level 2. HP: 13/19 MP: 0/4
   821 | D:2      | Learned a level 2 spell: Throw Flame
   834 | D:2      | Reached XP level 3. HP: 24/24 MP: 1/6
   849 | D:2      | Noticed Jessica
   861 | D:2      | Killed Jessica
  1160 | D:2      | Found a stormy altar of Qazlal.
  1218 | D:2      | Reached XP level 4. HP: 21/31 MP: 1/8
  1309 | D:2      | Learned a level 3 spell: Conjure Flame
  1708 | D:3      | Noticed Robin
  1737 | D:3      | Killed Robin
  1900 | D:3      | Gained mutation: You have sharp toenails. [demonic ancestry]
  1900 | D:3      | Reached XP level 5. HP: 34/36 MP: 0/10
  2271 | D:3      | Noticed Ijyb
  2282 | D:3      | Killed Ijyb
  2483 | D:4      | Reached skill level 1 in Long Blades
  2546 | D:4      | Reached XP level 6. HP: 32/42 MP: 7/12
  2574 | D:4      | Reached skill level 1 in Fighting
  2584 | D:4      | Noticed a phantom
  2593 | D:4      | HP: 2/43 [phantom (6)]
  2635 | D:4      | Killed a phantom
  2635 | D:4      | Reached skill level 4 in Fire Magic
  2988 | D:4      | Noticed an ogre
  2999 | D:4      | Killed an ogre
  3013 | D:4      | Found a staircase to the Ecumenical Temple.
  3033 | Temple   | Entered the Ecumenical Temple
  3037 | Temple   | Became a worshipper of Vehumet
  3217 | D:4      | Noticed an ogre
  3230 | D:4      | Killed an ogre
  3290 | D:4      | Gained mutation: You have razor-sharp toenails. [demonic ancestry]
  3290 | D:4      | Reached XP level 7. HP: 26/48 MP: 8/15
  3604 | D:4      | Noticed a centaur
  3609 | D:4      | Killed a centaur
  3741 | D:5      | Entered Level 5 of the Dungeon
  3865 | D:5      | Learned a level 4 spell: Sticky Flame
  3944 | D:5      | Noticed Eustachio
  3952 | D:5      | Acquired Vehumet's first power
  3952 | D:5      | Offered knowledge of Sandblast by Vehumet.
  3959 | D:5      | Killed Eustachio
  3959 | D:5      | Reached skill level 5 in Fire Magic
  4205 | D:5      | Learned a level 2 spell: Blink
  4275 | D:5      | Reached skill level 1 in Armour
  4531 | D:5      | Found a deep blue altar of Sif Muna.
  4546 | D:5      | Reached XP level 8. HP: 57/57 MP: 12/17
  4604 | D:6      | Found a shadowy altar of Dithmenos.
  4686 | D:6      | Found a sand-covered staircase.
  4700 | Ossuary  | Entered an ossuary
  4731 | Ossuary  | Offered knowledge of Throw Frost by Vehumet.
  4818 | Ossuary  | Noticed Typee's ghost (average HEWr)
  4826 | Ossuary  | Killed Typee's ghost
  5036 | D:6      | Offered knowledge of Dazzling Spray by Vehumet.
  5205 | D:6      | Noticed Turgon's ghost (experienced OgFi)
  5239 | D:6      | Noticed a troll
  5242 | D:6      | Acquired Vehumet's second power
  5247 | D:6      | Killed a troll
  5253 | D:6      | Reached skill level 6 in Fire Magic
  5253 | D:6      | Gained mutation: You are surrounded by a mild repulsion field (EV +2). [demonic ancestry]
  5253 | D:6      | Reached XP level 9. HP: 38/64 MP: 12/20
  5274 | D:6      | Killed Turgon's ghost
  5274 | D:6      | Reached skill level 1 in Shields
  5277 | D:6      | Reached skill level 5 in Dodging
  5448 | D:6      | Offered knowledge of Throw Icicle by Vehumet.
  5899 | D:7      | Reached skill level 5 in Spellcasting
  6085 | D:7      | Gained mutation: You possess an exceptional clarity of mind. [mutagenic meat]
  6086 | D:7      | Gained mutation: Armour fits poorly on your strangely shaped body. [mutagenic meat]
  6087 | D:7      | Gained mutation: Your mind is acute. (Int +2) [mutagenic meat]
  6240 | D:7      | Acquired Vehumet's third power
  6354 | D:7      | Found a sparkling altar of Nemelex Xobeh.
  6361 | D:7      | Found a white marble altar of Elyvilon.
  6364 | D:7      | Found an iron altar of Okawaru.
  6537 | D:7      | Offered knowledge of Bolt of Magma by Vehumet.
  6544 | D:7      | Learned a level 5 spell: Fireball
  6712 | D:8      | Reached skill level 7 in Fire Magic
  6775 | D:8      | Found a blossoming altar of Fedhas.
  6895 | D:8      | Gained mutation: You are surrounded by a moderate repulsion field (EV +3). [demonic ancestry]
  6895 | D:8      | Reached XP level 10. HP: 43/71 MP: 13/22
  6957 | D:8      | Found Ghuatek's Magic Scroll Emporium.
  6969 | D:8      | Bought a scroll of identify for 22 gold pieces
  6969 | D:8      | Bought a scroll of identify for 22 gold pieces
  7292 | D:8      | Found a deep blue altar of Sif Muna.
  7298 | D:8      | Found a blossoming altar of Fedhas.
  7667 | D:9      | Learned a level 1 spell: Magic Dart
  7840 | D:9      | Found a glowing silver altar of Zin.
  8221 | D:9      | Reached skill level 5 in Conjurations
  8313 | D:9      | Found a staircase to the Lair.
  8375 | D:9      | Got a bloodstained chain mail
  8386 | D:9      | Identified the cursed -4 chain mail of the Lizard {-Tele rN+ Str+2 Dex+4} (You found it on level 9 of the Dungeon)
  8598 | D:10     | Entered Level 10 of the Dungeon
  8734 | D:10     | Offered knowledge of Ignite Poison by Vehumet.
  9010 | D:10     | Noticed a hill giant
  9023 | D:10     | Killed a hill giant
  9023 | D:10     | Reached skill level 8 in Fire Magic
  9032 | D:10     | Noticed a hill giant
  9037 | D:10     | Killed a hill giant
  9465 | D:10     | Gained mutation: You have claws for feet. [demonic ancestry]
  9465 | D:10     | Reached XP level 11. HP: 69/78 MP: 14/25
  9718 | D:11     | Found a staircase to the Orcish Mines.
  9728 | D:11     | Noticed a hill giant
  9741 | D:11     | Killed a hill giant
  9741 | D:11     | Reached skill level 9 in Fire Magic
  9767 | D:11     | Gained mutation: You have sharp fingernails. [potion of mutation]
  9889 | D:11     | Found Oteugo's Armour Shoppe.
  9936 | D:11     | Slain by a cyan ugly thing

Action                   |  1- 3 |  4- 6 |  7- 9 | 10-12 || total
-------------------------+-------+-------+-------+-------++-------
Melee: Unarmed           |    19 |       |       |       ||    19
       Long sword        |       |   116 |   275 |   112 ||   503
 Fire: Blowgun           |       |       |       |    10 ||    10
Throw: Stone             |    30 |       |       |       ||    30
       Tomahawk          |    13 |       |       |       ||    13
 Cast: Flame Tongue      |    38 |    61 |   100 |   130 ||   329
       Throw Flame       |     1 |     6 |    49 |    43 ||    99
       Conjure Flame     |       |     2 |     8 |    19 ||    29
       Sticky Flame      |       |       |     3 |    10 ||    13
       Magic Dart        |       |       |       |     6 ||     6
  Use: Scroll            |     3 |     6 |    16 |     5 ||    30
       Potion            |       |       |     4 |     1 ||     5
 Stab: Sleeping          |       |       |     4 |     1 ||     5
       Distracted        |       |       |     2 |     2 ||     4
  Eat: Meat ration       |       |     1 |       |     1 ||     2
       Bread ration      |       |     1 |     1 |       ||     2
       Fruit             |       |       |     4 |     3 ||     7
       Chunk             |       |       |     7 |     1 ||     8
       Beef jerky        |       |       |     1 |       ||     1
       Royal jelly       |       |       |       |     1 ||     1
